 Dungeon Crawl Stone Soup version 0.30-b1-2-g02819fbbbe (webtiles) character file.

Game seed: 66462220973657943

10480 vlam the Geomancer (level 11, -5/64 HPs)
             Began as a Gargoyle Earth Elementalist on Jan 8, 2024.
             Was a Priest of Vehumet.
             Killed from afar by an ice statue (39 damage)
             ... with a shard of ice
             ... in an ice cave.
             The game lasted 00:56:50 (12551 turns).

vlam the Geomancer (Gargoyle Earth Elementalist)   Turns: 12551, Time: 00:56:51

Health: -5/64      AC: 16    Str: 13    XL:     11   Next: 62%
Magic:  27/27      EV: 11    Int: 19    God:    Vehumet [***...]
Gold:   989        SH:  0    Dex: 10    Spells: 11/20 levels left

rFire   . . .        M - staff of earth
rCold   . . .        (no shield)
rNeg    + . .        u - +0 steam dragon scales
rPois   ∞            (no helmet)
rElec   +            C - +1 cloak
rCorr   .            (no gloves)
SInv    .            (no boots)
Will    .....        F - amulet of magic regeneration
Stlth   ++           l - ring of wizardry
HPRegen 0.30/turn    a - ring of magical power
MPRegen 0.60/turn

%: wizardry (x1)
@: no status effects
A: sickness immunity, AC +8, negative energy resistance 1, electricity
resistance, torment resistance 1, petrification resistance
a: Renounce Religion


You were in an ice cave.
You worshipped Vehumet.
Vehumet was most pleased with you.
You visited 2 branches of the dungeon, and saw 12 of its levels.
You also visited: Ice Cave.

You collected 989 gold pieces.

Inventory:

Hand Weapons
 k - a +0 antimagic spear
 m - a +5 dagger
Missiles
 e - 88 stones (quivered)
Armour
 u - +0 steam dragon scales (worn)
 C - a +1 cloak (worn)
 Q - a +0 tower shield
Magical Staves
 M - a staff of earth (weapon)
 S - a staff of conjuration
Jewellery
 a - a ring of magical power (right hand)
 h - a ring of willpower
 j - a +4 ring of protection
 l - a ring of wizardry (left hand)
 q - an amulet of guardian spirit
 t - a +6 ring of dexterity
 x - a ring of magical power
 z - a ring of willpower
 B - a ring of flight
 E - a +6 ring of intelligence
 F - an amulet of magic regeneration (around neck)
 L - a ring of magical power
Wands
 y - a wand of iceblast (12)
 K - a wand of charming (4)
 O - a wand of acid (11)
Scrolls
 c - a scroll of vulnerability {unknown}
 i - a scroll of poison
 r - a scroll of teleportation
 A - 4 scrolls of magic mapping
 H - 6 scrolls of identify
 I - 3 scrolls of fear {unknown}
 J - a scroll of blinking
 N - a scroll of summoning {unknown}
 R - a scroll of torment {unknown}
 T - a scroll of enchant weapon
Potions
 b - 2 potions of magic
 d - 4 potions of lignification
 f - 4 potions of degeneration
 g - 2 potions of haste
 n - 2 potions of mutation
 o - a potion of flight
 p - 3 potions of curing
 s - a potion of berserk rage
 v - 5 potions of attraction
 w - 2 potions of heal wounds
 D - a potion of cancellation {unknown}
 G - a potion of invisibility {unknown}
 P - a potion of ambrosia {unknown}


   Skills:
 - Level 6.0 Fighting
 - Level 7.0 Armour
 - Level 1.5 Dodging
 - Level 3.0 Stealth
 + Level 5.2 Spellcasting
 - Level 10.0 Conjurations
 - Level 2.0 Necromancy
 - Level 0.7 Transmutations
 - Level 14.0 Earth Magic


You had 11 spell levels left.
You knew the following spells:

 Your Spells              Type           Power      Damage    Failure   Level
a - Sandblast             Erth           100%       2d20      1%          1
b - Stone Arrow           Conj/Erth      100%       3d13      1%          3
c - Borgnjor's Vile Clut  Necr/Erth      26%        N/A       5%          5

Your spell library contained the following spells:

 Spells                   Type           Power      Damage    Failure   Level
 Flame Wave               Conj/Fire      23%        2d8       1%          4
 Passwall                 Tmut/Erth      40%        N/A       1%          2
 Static Discharge         Conj/Air       46%        2-4/arc   1%          2
 Animate Armour           Summ/Erth      94%        N/A       2%          4
 Petrify                  Tmut/Erth      49%        N/A       2%          4
 Arcjolt                  Conj/Air       11%        1d21      5%          5
 Ensorcelled Hibernation  Hex/Ice        8%         N/A       8%          2
 Spider Form              Tmut/Pois      6%         N/A       12%         3
 Airstrike                Air            2%         2d(1-17)  13%         4
 Ozocubu's Armour         Ice            4%         N/A       16%         3
 Vhi's Electric Charge    Tloc/Air       8%         N/A       16%         3
 Anguish                  Hex/Necr       4%         N/A       32%         4
 Summon Lightning Spire   Summ/Air       4%         N/A       43%         4
 Alistair's Intoxication  Tmut/Pois      4%         N/A       71%         5
 Eringya's Noxious Bog    Tmut/Pois      3%         N/A       77%         6
 Plasma Beam              Fire/Air       2%         2x1d13    80%         6
 Ozocubu's Refrigeration  Ice            2%         4d7       99%         7
 Statue Form              Tmut/Erth      Unusable   N/A       N/A         6

Dungeon Overview and Level Annotations

Branches:
Dungeon (11/15)            Temple (1/1) D:4            Lair (0/5) D:9
  IceCv (1/1)
    Orc: D:9-12

Altars:
Ashenzari
Cheibriados
Dithmenos
Elyvilon
Fedhas
Gozag
Hepliaklqana
Kikubaaqudgha
Makhleb
Nemelex Xobeh
Okawaru
Qazlal
Ru
Sif Muna
Trog
Uskayaw
Vehumet
Wu Jian
Xom
Yredelemnul
Zin
The Shining One

Shops:
D:2 ?!   D:10 !

Annotations:
IceCv exclusion: 2 ice statues


Innate Abilities, Weirdness & Mutations

You are immune to sickness and miasma.
Your stone body is resilient. (AC +8)
You are immune to poison.
You resist negative energy. (rN+)
You are resistant to electric shocks. (rElec)
You are resistant to unholy torment.
You are immune to petrification.


Message History

You feel a surge of power!
The stone arrow misses the ice beast.
The ice beast hits you but does no damage.
Casting: Stone Arrow (safe; 1% risk of failure)
Confirm with . or Enter, or press ? or * to list all spells.
Aiming: Stone Arrow (safe; 1% risk of failure)
Press: ? - help, Shift-Dir - straight line, f/p - ice beast
Aim: an ice beast (summoned, 78% to hit)
You feel a surge of power!
The stone arrow hits the ice beast!!
The ice beast is severely wounded.
The ice beast hits you but does no damage.
Casting: Stone Arrow (safe; 1% risk of failure)
Confirm with . or Enter, or press ? or * to list all spells.
Aiming: Stone Arrow (safe; 1% risk of failure)
Press: ? - help, Shift-Dir - straight line, f/p - ice beast
Aim: an ice beast (severely wounded, summoned, 78% to hit)
You feel a surge of power!
The stone arrow hits the ice beast.
The ice beast is almost dead.
The ice beast hits you but does no damage.
Casting: Stone Arrow (safe; 1% risk of failure)
Confirm with . or Enter, or press ? or * to list all spells.
Aiming: Stone Arrow (safe; 1% risk of failure)
Press: ? - help, Shift-Dir - straight line, f/p - ice beast
Aim: an ice beast (almost dead, summoned, 78% to hit)
You feel a surge of power!
The stone arrow hits the ice beast!!
You kill the ice beast!
The ice beast disappears in a puff of smoke!
You start resting.
Magic restored.
You start resting.
HP restored.
Really walk into a travel-excluded area?
The ice statue gestures at you. The bolt of cold hits you.
The ice statue gestures at you. The shard of ice hits you!!
The ice statue gestures.
The ice statue gestures at you. The shard of ice hits you!!!
Ouch! That really hurt!
You die...

#..## ##..##
##..# ####..####
##8#....#8##
##..........###
#Y............#
#..............#
#........@.......
#................
##..............#
##...........###
##........###
###....### ###..#
##..


You could see 2 ice statues and an ice beast (summoned).

Vanquished Creatures
  A two-headed ogre (D:7)
  A skeletal warrior (D:11)
  A rime drake (IceCv)
  A komodo dragon (D:10)
  2 trolls (D:10)
  A hornet (D:6)
  A shadow (D:9)
  9 yaks (D:9)
  6 wyverns (D:9)
  A vampire (D:11)
  A wraith (D:10)
  Grum (D:8)
  A steam dragon (D:6)
  4 water moccasins
  2 orc warriors
  A sky beast (D:7)
  A black bear (D:8)
  2 ice beasts
  5 ogres
  2 wolves (D:8)
  3 centaurs
  A phantom (D:5)
  4 bullfrogs
  2 gnoll sergeants
  2 kobold brigands (D:7)
  3 scorpions (D:7)
  3 two-headed ogre simulacra (D:11)
  5 wights (D:8)
  19 killer bees
  A lindwurm simulacrum (IceCv)
  A howler monkey (D:10)
  7 hounds
  A komodo dragon simulacrum (IceCv)
  5 jellies
  4 orc priests
  Jessica (D:2)
  Natasha (thrice) (D:3)
  3 sleepcaps
  8 iguanas
  4 orc wizards
  2 troll simulacra (D:11)
  14 gnolls
  2 naga simulacra (D:11)
  2 acid dragon simulacra (IceCv)
  12 adders
  A shadow imp (D:6)
  4 white imps
  2 steam dragon simulacra (IceCv)
  An ufetubus (D:5)
  A worm (D:3)
  A dart slug (D:3)
  25 orcs
  6 ball pythons
  7 endoplasms
  6 giant cockroaches
  11 hobgoblins
  11 kobolds
  A quokka (D:1)
  7 bats
  2 frilled lizards
  7 goblins
  4 rats
253 creatures vanquished.

Vanquished Creatures (others)
  A gnoll (D:10)
  2 fungi (D:9)
  6 plants (D:9)
9 creatures vanquished.

Grand Total: 262 creatures vanquished

Notes
Turn   | Place    | Note
-------+----------+-------------------------------------------
     0 | D:1      | vlam the Gargoyle Earth Elementalist began the quest for
                  | the Orb.
     0 | D:1      | Reached XP level 1. HP: 10/10 MP: 3/3
   405 | D:1      | Reached XP level 2. HP: 15/15 MP: 3/5
   449 | D:1      | Reached skill level 4 in Earth Magic
   940 | D:1      | Reached skill level 1 in Fighting
  1063 | D:1      | Reached XP level 3. HP: 20/20 MP: 4/6
  1217 | D:2      | Found Gestapt's Distillery.
  1305 | D:2      | Found Meshrec's Magic Scroll Shoppe.
  1624 | D:2      | Noticed Jessica
  1698 | D:2      | Learned a level 3 spell: Stone Arrow
  1740 | D:2      | Reached XP level 4. HP: 26/26 MP: 5/8
  2010 | D:2      | Killed Jessica
  2011 | D:2      | Reached skill level 5 in Earth Magic
  2081 | D:3      | Reached skill level 1 in Conjurations
  2218 | D:3      | Reached XP level 5. HP: 21/30 MP: 1/9
  2342 | D:3      | Noticed Natasha
  2344 | D:3      | Killed Natasha
  2475 | D:3      | Noticed Natasha
  2496 | D:3      | Killed Natasha
  2856 | D:3      | Noticed Natasha
  2858 | D:3      | Killed Natasha
  2859 | D:3      | Reached XP level 6. HP: 35/35 MP: 7/10
  2974 | D:3      | Found a faded altar of an unknown god.
  3427 | D:4      | Reached skill level 1 in Armour
  3653 | D:4      | Reached skill level 6 in Earth Magic
  4052 | D:4      | Reached XP level 7. HP: 40/40 MP: 1/11
  4192 | D:4      | Found a staircase to the Ecumenical Temple.
  4216 | Temple   | Entered the Ecumenical Temple
  4440 | Temple   | Became a worshipper of Vehumet
  4707 | D:4      | Reached skill level 7 in Earth Magic
  5311 | D:5      | Entered Level 5 of the Dungeon
  5806 | D:5      | Found a blossoming altar of Fedhas.
  6009 | D:5      | Reached skill level 8 in Earth Magic
  6167 | D:5      | Reached XP level 8. HP: 44/44 MP: 11/12
  6714 | D:6      | Got Sif Muna's Omnibus of Minerals
  6802 | D:6      | Reached skill level 5 in Conjurations
  6936 | D:6      | Noticed a hornet
  6940 | D:6      | Killed a hornet
  6941 | D:6      | Reached skill level 9 in Earth Magic
  7537 | D:6      | Reached * piety under Vehumet
  7537 | D:6      | Offered knowledge of Freeze by Vehumet.
  7538 | D:6      | Reached skill level 10 in Earth Magic
  7806 | D:7      | Reached XP level 9. HP: 52/52 MP: 13/13
  8312 | D:7      | Found a hide-covered altar of Uskayaw.
  8339 | D:7      | Found an iron altar of Okawaru.
  8532 | D:7      | Found a stormy altar of Qazlal.
  8552 | D:7      | Reached skill level 5 in Fighting
  8552 | D:7      | Reached skill level 5 in Armour
  8830 | D:7      | Noticed a two-headed ogre
  8843 | D:7      | Killed a two-headed ogre
  8844 | D:7      | Reached skill level 11 in Earth Magic
  8977 | D:7      | Reached XP level 10. HP: 59/59 MP: 16/16
  9132 | D:7      | Found a snail-covered altar of Cheibriados.
  9683 | D:8      | Found a sacrificial altar of Ru.
  9706 | D:8      | Reached ** piety under Vehumet
  9769 | D:8      | Offered knowledge of Searing Ray by Vehumet.
  9806 | D:8      | Reached skill level 5 in Spellcasting
  9910 | D:8      | You fall into a shaft and drop 2 floors!
  9910 | D:10     | Entered Level 10 of the Dungeon
  9935 | D:10     | Found Bibos's Distillery.
 10109 | D:10     | Learned a level 5 spell: Borgnjor's Vile Clutch
 10205 | D:10     | Reached skill level 12 in Earth Magic
 10655 | D:8      | Found a basalt altar of Yredelemnul.
 11080 | D:8      | Noticed Grum
 11087 | D:8      | Killed Grum
 11087 | D:8      | Offered knowledge of Ignite Poison by Vehumet.
 11200 | D:9      | Reached XP level 11. HP: 64/64 MP: 18/18
 11210 | D:9      | Reached skill level 13 in Earth Magic
 11273 | D:9      | Reached *** piety under Vehumet
 11458 | D:9      | Reached skill level 10 in Conjurations
 11493 | D:9      | Found a shimmering blue altar of Sif Muna.
 11562 | D:9      | Offered knowledge of Flame Wave by Vehumet.
 11609 | D:9      | Reached skill level 1 in Necromancy
 11789 | D:9      | Found a staircase to the Lair.
 11962 | D:10     | Found an opulent altar of Gozag.
 12098 | D:11     | Noticed a skeletal warrior
 12120 | D:11     | Killed a skeletal warrior
 12225 | D:11     | Found a frozen archway.
 12332 | IceCv    | Entered an ice cave
 12414 | IceCv    | Reached skill level 14 in Earth Magic
 12551 | IceCv    | Killed from afar by an ice statue

Illustrated notes

Levels and vault maps discovered:
D:1:      pf_arrival_petrified_forest, layout_basic, hex_tiny,
          minmay_heptomino_l4
D:2:      layout_basic, serial_shops, shop, shop, uniq_jessica
D:3:      layout_loops_corners, shapermc_ecumenical_altar_hornbeckon,
          minmay_misc_feat_more_columns, uniq_natasha
D:4:      layout_layer_cave, minmay_temple_entry_junction_2, eino_tiny_chamber
D:5:      layout_loops_ring, fedhas_altar_2
D:6:      layout_loops_ring
D:7:      minmay_polygon_palace, layout_basic,
          mainiacjoe_overflow_large_starburst, mainiacjoe_overflow_24_doors,
          lemuel_round_altar, minmay_crossroads
D:8:      layout_loops_ring, nicolae_ru_awakened_eye, lemuel_crystal_altar,
          chequers_serial_rivers_small_a, minivault_11, minmay_misc_feat_alley,
          uniq_grum
D:9:      layout_cave_pools, old_standard_altar, minmay_lair_entry_grove
D:10:     layout_big_octagon, kennysheep_mini, serial_shops, shop, minivault_4
D:11:     layout_cave_pods, portal_ice_cave_entry_ice_simulacra,
          ebering_ghost_rock_garden
Temple:   nicolae_temple_bog_church
IceCv:    ice_cave_small_dragons

Skill      XL: |  1  2  3  4  5  6  7  8  9 10 11 |
---------------+----------------------------------+-----
Earth Magic    | 4 5 6 8 10 11 12 14 | 14.0
Fighting       | 1 2 4 5 6 |  6.0
Spellcasting   | 3 4 5 |  5.2
Conjurations   | 1 3 4 5 7 9 10 | 10.0
Armour         | 2 4 5 6 7 |  7.0
Stealth        | 3 |  3.0
Necromancy     | 2 |  2.0
Dodging        | |  1.5
Transmutations | |  0.7

Action                     |  1- 3 |  4- 6 |  7- 9 | 10-12 || total
---------------------------+-------+-------+-------+-------++-------
  Melee: Spear             |    11 |       |       |       ||    11
         Dagger            |       |    17 |     8 |     5 ||    30
         Punch             |       |     1 |       |       ||     1
         Staff             |       |       |       |     3 ||     3
  Throw: Stone             |    11 |     4 |     4 |    13 ||    32
   Cast: Sandblast         |    44 |    65 |     4 |       ||   113
         Stone Arrow       |       |    11 |   123 |   191 ||   325
  Evoke: Wand              |       |       |       |    12 ||    12
    Use: Scroll            |       |       |    16 |     4 ||    20
         Potion            |       |       |     1 |     1 ||     2
 Armour: Robe              |     8 |       |       |       ||     8
         Leather armour    |       |    21 |       |       ||    21
         Ring mail         |       |       |     1 |       ||     1
         Steam dragon scal |       |       |    18 |    47 ||    65
  Dodge: Dodged            |     8 |    23 |    19 |    68 ||   118
